 Dungeon Crawl Stone Soup version 0.32-a0-868-g153ae1a8d6 (webtiles) character file.

Game seed: 14987330123345771188

9 ragingrage the Grasshopper (level 2, -1/33 HPs)
             Began as a Human Warper on Mar 28, 2024.
             Succumbed to a kobold's poison
             ... on level 1 of the Dungeon.
             The game lasted 00:00:39 (149 turns).

ragingrage the Grasshopper (Human Warper)            Turns: 149, Time: 00:00:39

Health: -1/33      AC:  3    Str: 11    XL:     2   Next: 12%
Magic:  5/5        EV: 10    Int: 13    God:
Gold:   5          SH:  0    Dex: 12    Spells: 5/5 levels left

rFire   . . .        a - +0 falchion
rCold   . . .        (no shield)
rNeg    . . .        b - +0 leather armour
rPois   .            (no helmet)
rElec   .            (no cloak)
rCorr   .            (no gloves)
SInv    .            (no boots)
Will    .....        (no amulet) Stlth
                     (no ring)
HPRegen 0.25/turn    (no ring)
MPRegen 0.09/turn

%: no passive effects
@: berserking, lethally poisoned (-1 -> -12), very quick
A: explore regen
a: no special abilities


You were on level 1 of the Dungeon.
You visited 1 branch of the dungeon, and saw 1 of its levels.

You collected 5 gold pieces.

Inventory:

Hand Weapons
 a - a +0 falchion (weapon)
Missiles
 d - 7 darts of dispersal (quivered)
Armour
 b - a +0 leather armour (worn)
Scrolls
 c - a scroll of blinking


   Skills:
 - Level 2.0 Fighting
 + Level 2.5 Long Blades
 - Level 1.0 Throwing
 - Level 1.0 Armour
 - Level 2.0 Dodging
 + Level 0.8 Stealth
 - Level 2.0 Spellcasting
 - Level 3.0 Translocations


You had 5 spell levels left.
You didn't know any spells.
Your spell library contained the following spells:

 Spells                   Type           Power      Damage    Failure   Level
 Blink                    Tloc           18%        N/A       14%         2
 Lesser Beckoning         Tloc           18%        N/A       14%         2
 Teleport Other           Tloc           9%         N/A       28%         3
 Maxwell's Portable Pile  Tloc           9%         2d(6-12)  67%         4
 Vhi's Electric Charge    Tloc/Air       10%        N/A       87%         4


Dungeon Overview and Level Annotations

Branches:
Dungeon (1/15)

Altars:

Annotations:
D:1 1 runed translucent door


Innate Abilities, Weirdness & Mutations

You regain HP and MP as you explore.


Message History

There are monsters nearby!
You hit the rat but do no damage. The kobold hits you but does no damage.
You are poisoned.
The rat barely misses you.
You barely miss the kobold.
You feel very sick. The rat misses you.
The kobold hits you with a +0 dagger of venom.
You are lethally poisoned!
It was a potion of berserk rage.
A red film seems to cover your vision as you go berserk!
You feel yourself moving faster!
You feel mighty!
You feel very sick. The kobold hits you but does no damage.
You are lethally poisoned!
The rat bites you but does no damage.
Unknown command.
Unknown command.
Unknown command.
Unknown command.
You closely miss the kobold.
You feel very sick.
The kobold hits you with a +0 dagger of venom.
The rat bites you.
You closely miss the kobold.
* * * LOW HITPOINT WARNING * * *
You feel very sick. The rat bites you but does no damage.
The kobold closely misses you.
You slash the kobold!
You kill the kobold!
* * * LOW HITPOINT WARNING * * *
You feel sick.
* * * LOW HITPOINT WARNING * * *
You feel sick. The rat misses you.
Things that are here:
a +0 dagger of venom; a kobold corpse Unknown command.
You slash the rat!
You kill the rat!
You die...

######### #...†...#
#.#####.# ### #. #.# #[#
#.. #..#####.#####.###.#
##....@.#.#......##.#
.......†.$.#.###..##.###
.#######.###.# #........
#.# #.# ##....... #.#
#.# ####.### #.# #.# #.#
#.# #.# #.# #.# #.# #.#
###.###.##### #.#


There were no monsters in sight!

Vanquished Creatures
  A dart slug (D:1)
  A goblin (D:1)
  2 hobgoblins (D:1)
  A ball python (D:1)
  A frilled lizard (D:1)
  A kobold (D:1)
  A rat (D:1)
8 creatures vanquished.

Notes
Turn   | Place    | Note
-------+----------+-------------------------------------------
     0 | D:1      | ragingrage the Human Warper began the quest for the Orb.
     0 | D:1      | Reached XP level 1. HP: 16/16 MP: 3/3
     0 | D:1      | Noticed a jelly
     1 | D:1      | Found a runed translucent door.
   107 | D:1      | Reached XP level 2. HP: 22/22 MP: 5/5
   149 | D:1      | Succumbed to a kobold's poison

Illustrated notes

Levels and vault maps discovered:
D:1:      dpeg_arrival_caged_fury, layout_loops_ring, nrook_loot_triangle,
          minmay_hexomino_f4

Action                     || total
---------------------------++-------
  Melee: Falchion          ||    20
    Use: Potion            ||     1
 Armour: Leather armour    ||    22
  Dodge: Dodged            ||    12

Table legend: (Time is in decaauts)
 A = Elapsed time spent in this place.
 B = Non-inter-level travel time spent in this place.
 C = Inter-level travel time spent in this place.
 D = Time resting spent in this place.
 E = Time spent auto-exploring this place.
 F = Levels seen in this place.
 G = Mean time per level.
                   A        B        C        D        E       F      G
               +--------+--------+--------+--------+--------+-----+--------+
         Total |    152 |    152 |      0 |      0 |     84 |   1 |  152.0 |
       Dungeon |    152 |    152 |      0 |      0 |     84 |   1 |  152.0 |
               +--------+--------+--------+--------+--------+-----+--------+

Top non-repeatable levels by time:
     D:1: 152 daAuts
